 Dungeon Crawl Stone Soup version 0.22.1-2-g9c5b331383 (webtiles) character file.

42 LLavrengius the Chucker (level 3, 0/36 HPs)
             Began as an Ogre Arcane Marksman on Nov 14, 2018.
             Slain by Jessica
             ... wielding a cursed +0 dagger
              (5 damage)
             ... on level 2 of the Dungeon.
             The game lasted 00:05:25 (2427 turns).

LLavrengius the Chucker (Ogre Arcane Marksman)      Turns: 2427, Time: 00:05:25

Health: 0/36       AC:  4    Str: 15    XL:     3   Next: 54%
Magic:  4/4        EV: 10    Int: 14    God:
Gold:   77         SH:  0    Dex:  9    Spells: 3/4 levels left

rFire    . . .     SeeInvis .   l - -2 club (curse)
rCold    . . .     Gourm    .   (no shield)
rNeg     . . .     Faith    .   a - +0 robe
rPois    .         Spirit   .   (helmet restricted)
rElec    .         Reflect  .   (no cloak)
rCorr    .         Harm     .   (gloves unavailable)
MR       .....                  (boots unavailable)
Stlth    +.........             (no amulet)
HPRegen  0.12/turn              m - +1 ring of protection
MPRegen  0.09/turn              (no ring)

@: flying
A: large, unfitting armour, tough skin 1
a: no special abilities


You were on level 2 of the Dungeon.
You were not hungry.

You visited 1 branch of the dungeon, and saw 2 of its levels.

You collected 77 gold pieces.

Inventory:

Hand Weapons
 l - a cursed -2 club (weapon)
Missiles
 c - 4 large rocks
 d - 2 throwing nets
 e - 38 stones (quivered)
 n - 4 javelins
Armour
 a - a +0 robe (worn)
Jewellery
 m - a +1 ring of protection (left hand)
Scrolls
 g - 4 scrolls of amnesia {unknown}
 h - a scroll of blinking {unknown}
 i - a scroll of enchant armour {unknown}
 j - 2 scrolls of identify {unknown}
 o - a scroll of immolation {unknown}
Potions
 k - a potion of brilliance {unknown}
Comestibles
 f - 3 rations


   Skills:
 + Level 2.3 Fighting
 + Level 0.8 Maces & Flails
 + Level 3.1 Throwing
 - Level 2.0 Dodging
 - Level 1.2 Spellcasting
 - Level 2.6 Hexes


You had 3 spell levels left.
You knew the following spells:

 Your Spells              Type           Power        Failure   Level  Hunger
a - Corona                Hex            #......      9%          1    ##.....

Your spell library contained the following spells:

 Spells                   Type           Power        Failure   Level  Hunger
 Slow                     Hex            #.......     13%         2    ###....
 Inner Flame              Hex/Fire       #.......     41%         3    ####...
 Portal Projectile        Hex/Tloc       #.....       41%         3    ####...
 Cause Fear               Hex            #.........   65%         4    #####..
 Leda's Liquefaction      Hex/Erth       #.........   83%         4    #####..


Dungeon Overview and Level Annotations

Branches:
Dungeon (2/15)

Altars:

Annotations:
D:2 Jessica


Innate Abilities, Weirdness & Mutations

You are too large for most types of armour.
You have tough skin. (AC +1)


Message History

You closely miss the bat. The bat barely misses you.
Jessica looks very angry.
The bat hits you but does no damage.
You hit the bat but do no damage. The bat barely misses you. x3
You hit the bat but do no damage. The bat misses you.
You miss the bat. The bat barely misses you.
You closely miss the bat. The bat closely misses you.
The bat barely misses you.
Jessica gestures wildly while chanting.
Jessica seems to speed up.
You closely miss the bat. The bat hits you but does no damage.
The bat completely misses you. x2
Jessica mumbles some strange words.
Jessica blinks!
You hit the bat but do no damage. The bat hits you but does no damage.
Jessica points at you and mumbles some strange words.
You barely resist.
Jessica shouts, "I don't like beings like you!"
Jessica hits you with a dagger.
You die...

#....[....... #
#........#
#.#..?....$#
#.#.....((.#
#........(.# #
###........##.#
#...........#
#########..).....####
#..@@bK§.............
#.###################
#.# #####.# #.....#
##.#### #.#
#.#############
#.............#


You could see Jessica, a bat and a kobold.

Vanquished Creatures
  An adder (D:2)
  An ooze (D:2)
  2 dart slugs (D:1)
  4 bats (D:1)
  A giant cockroach (D:1)
  3 goblins (D:1)
  2 hobgoblins (D:1)
  3 jackals (D:1)
  2 frilled lizards
  3 kobolds (D:1)
  3 rats
25 creatures vanquished.

Notes
Turn   | Place    | Note
-------+----------+-------------------------------------------
     0 | D:1      | LLavrengius the Ogre Arcane Marksman began the quest for
                  | the Orb.
     0 | D:1      | Reached XP level 1. HP: 19/19 MP: 2/2
   603 | D:1      | Reached XP level 2. HP: 21/27 MP: 3/3
  1518 | D:1      | Reached XP level 3. HP: 28/35 MP: 4/4
  2049 | D:2      | Reached skill level 3 in Throwing
  2073 | D:2      | HP: 1/35 [ooze (3)]
  2379 | D:2      | Noticed Jessica
  2427 | D:2      | Slain by Jessica

Skill      XL: |  1  2  3 |
---------------+----------+-----
Fighting       | 2 |  2.3
Dodging        | 2 |  2.0
Throwing       | 3 |  3.1
Maces & Flails | |  0.8
Spellcasting   | |  1.2
Hexes          | |  2.6

Action                   || total
-------------------------++-------
Melee: Unarmed           ||    85
       Club              ||   185
Throw: Stone             ||    26
  Use: Potion            ||     1
 Stab: Sleeping          ||     2
  Eat: Chunk             ||     3
       Ration            ||     1
Armor: Robe              ||   140
Dodge: Dodged            ||   210
